 Dungeon Crawl Stone Soup version 0.24-a0-441-g27f0392e16 (webtiles) character file.

Game seed: 11487327704933894163

1870 KristoblXynda the Carver (level 8, 0/70 HPs)
             Began as a Yellow Draconian Gladiator on June 19, 2019.
             Slain by an orc wizard
             ... wielding a +0 dagger
              (4 damage)
             ... on level 7 of the Dungeon.
             The game lasted 00:11:45 (6881 turns).

KristoblXynda the Carver (DrGl)                     Turns: 6881, Time: 00:11:45

Health: 0/70       AC:  8    Str: 18    XL:     8   Next: 90%
Magic:  11/11      EV: 15    Int:  9    God:
Gold:   266        SH:  0    Dex: 16    Spells: 4/7 levels left

rFire    . . .     SeeInvis .   a - +0 long sword
rCold    . . .     Gourm    .   (no shield)
rNeg     + . .     Faith    .   (armour unavailable)
rPois    .         Spirit   .   b - +1 hat
rElec    .         Reflect  .   (no cloak)
rCorr    +         Harm     .   e - +0 pair of gloves {Dex+3}
MR       .....                  (no boots)
Stlth    +.........             t - amulet of the acrobat
HPRegen  0.21/turn              v - ring of positive energy
MPRegen  0.12/turn              (no ring)

@: short of breath
A: spit acid, unfitting armour, cold-blooded, acid resistance, AC +6
a: Breathe Acid


You were on level 7 of the Dungeon.
You were hungry.

You visited 2 branches of the dungeon, and saw 8 of its levels.
You also visited: Ossuary.

You collected 266 gold pieces.

Inventory:

Hand Weapons
 a - a +0 long sword (weapon)
Missiles
 c - 3 throwing nets (quivered)
Armour
 b - a +1 hat (worn)
 e - a +0 pair of gloves of dexterity (worn)
Magical Staves
 u - an uncursed staff of power
Jewellery
 t - an amulet of the acrobat (around neck)
 v - a ring of positive energy (left hand)
Wands
 g - a wand of acid (4)
Scrolls
 i - 2 scrolls of remove curse
 j - a scroll of enchant weapon {unknown}
 o - 2 scrolls of blinking {unknown}
 q - 2 scrolls of fog
 s - a scroll of noise {unknown}
 y - 2 scrolls of teleportation
Potions
 f - 3 potions of haste
 h - 3 potions of flight
 k - a potion of lignification
 l - 3 potions of curing
 m - a potion of might
 p - a potion of resistance
 r - a potion of ambrosia
 x - 2 potions of berserk rage
 z - a potion of heal wounds
Comestibles
 d - 13 rations


   Skills:
 + Level 5.9 Fighting
 * Level 8.1 Long Blades
 - Level 2.0 Throwing
 + Level 5.4 Dodging
 + Level 4.6 Evocations


You had 4 spell levels left.
You knew the following spells:

 Your Spells              Type           Power        Failure   Level  Hunger
a - Mephitic Cloud        Conj/Pois/Air  #.......     77%         3    ####...

Your spell library contained the following spells:

 Spells                   Type           Power        Failure   Level  Hunger
 Sting                    Conj/Pois      #...         38%         1    ##.....
 Poisonous Vapours        Pois/Air       #.....       52%         2    ###....
 Olgreb's Toxic Radiance  Pois           #.......     99%         4    #####..
 Venom Bolt               Conj/Pois      #.........   100%        5    ######.


Dungeon Overview and Level Annotations

Branches:
Dungeon (7/15)             Temple (1/1) D:4

Altars:
Dithmenos
Elyvilon
Gozag
Kikubaaqudgha
Makhleb
Qazlal
Ru
Trog
Vehumet
Xom
Yredelemnul
Zin
The Shining One

Shops:
D:6 %   D:7 (


Innate Abilities, Weirdness & Mutations

You can spit globs of acid.
Your golden yellow scales are hard. (AC +6)
You cannot fit into any form of body armour.
You are cold-blooded and may be slowed by cold attacks.
You are resistant to acid. (rCorr)


Message History

A puff of frost appears from out of thin air!
The puff of frost hits you.
* * * LOW HITPOINT WARNING * * *
Something hits you.
* * * LOW HITPOINT WARNING * * *
The bullfrog hits you but does no damage.
The orc hits you with a cursed -1 club.
* * * LOW HITPOINT WARNING * * *
You closely miss something.
Your tail-slap misses something.
The bullfrog hits you.
* * * LOW HITPOINT WARNING * * *
You hear some strange, mumbled words.
A magic dart appears from out of thin air!
The magic dart hits you.
* * * LOW HITPOINT WARNING * * *
The orc completely misses you.
You slash the bullfrog!
You kill the bullfrog!
Something hits you.
You die...

.## ....# .. .... ......>..#
#.. ... ..........##..# ..
.............(##.# ##.#
#...........#..##.###..#
...........##.......#.##
o...........#@{#.##<...######.
............#o†..####.........
#.....o..o....######.########
#...................(#
#....................#
##.........#.........#
##.......##.∩.......#
######.###.........# ###
#.........#


You could see an orc.

Vanquished Creatures
  A wraith (Ossuary)
  Menkaure (D:6)
  A sky beast (D:6)
  A black bear (D:7)
  2 ogres
  A centaur (D:6)
  2 bullfrogs
  2 crimson imps
  2 howler monkeys
  4 hounds
  4 orc priests
  A bullfrog skeleton (D:6)
  4 jellies
  Jessica (D:3)
  2 iguanas
  Natasha (thrice) (D:4)
  5 worker ants
  A hound zombie (D:5)
  2 mummies
  A howler monkey skeleton (D:4)
  A gnoll (D:5)
  7 adders
  A shadow imp (D:5)
  2 oozes
  5 worms
  2 dart slugs
  3 leopard geckos
  11 orcs
  A ball python (D:6)
  4 giant cockroaches
  5 goblins
  11 hobgoblins
  9 jackals
  2 quokkas
  10 bats
  7 frilled lizards
  5 gnoll skeletons (Ossuary)
  A jackal skeleton (D:5)
  5 kobolds
  6 kobold skeletons (Ossuary)
  14 orc skeletons (Ossuary)
  A quokka zombie (D:5)
  10 rats
164 creatures vanquished.

Notes
Turn   | Place    | Note
-------+----------+-------------------------------------------
     0 | D:1      | KristoblXynda the Draconian Gladiator began the quest for
                  | the Orb.
     0 | D:1      | Reached XP level 1. HP: 17/17 MP: 1/1
    68 | D:1      | Reached XP level 2. HP: 7/24 MP: 2/2
   300 | D:1      | You fall into a shaft and drop 1 floor!
   718 | D:2      | Reached XP level 3. HP: 26/30 MP: 3/3
  1234 | D:1      | You fall into a shaft and drop 1 floor!
  1234 | D:2      | Found a radiant altar of Vehumet.
  1763 | D:2      | Reached skill level 4 in Long Blades
  1906 | D:2      | Reached XP level 4. HP: 34/37 MP: 4/4
  2137 | D:2      | Found a glowing silver altar of Zin.
  2918 | D:3      | Found a shadowy altar of Dithmenos.
  3208 | D:3      | Noticed Jessica
  3213 | D:3      | Killed Jessica
  3213 | D:3      | Reached XP level 5. HP: 45/45 MP: 5/5
  3379 | D:4      | Reached skill level 1 in Evocations
  3481 | D:4      | Noticed Natasha
  3490 | D:4      | Killed Natasha
  3561 | D:4      | You fall into a shaft and drop 1 floor!
  3561 | D:5      | Entered Level 5 of the Dungeon
  3608 | D:5      | Reached skill level 5 in Long Blades
  3650 | D:4      | Noticed Natasha
  3662 | D:4      | Killed Natasha
  3662 | D:4      | Reached XP level 6. HP: 29/51 MP: 7/7
  3714 | D:4      | Noticed Natasha
  3719 | D:4      | Killed Natasha
  3850 | D:4      | Found a staircase to the Ecumenical Temple.
  3874 | Temple   | Entered the Ecumenical Temple
  4775 | D:5      | Your scales start taking on a golden yellow colour.
  4775 | D:5      | Reached XP level 7. HP: 56/59 MP: 8/8
  4775 | D:5      | Gained mutation: You are resistant to acid. (rCorr) [Yellow
                  | Draconian growth]
  4820 | D:5      | Reached skill level 6 in Long Blades
  5606 | D:6      | Noticed Menkaure
  5615 | D:6      | Killed Menkaure
  5615 | D:6      | Reached XP level 8. HP: 56/67 MP: 10/10
  5656 | D:6      | Found a sand-covered staircase.
  5658 | D:6      | Reached skill level 5 in Fighting
  5667 | Ossuary  | Entered an ossuary
  5696 | Ossuary  | Reached skill level 7 in Long Blades
  6223 | D:6      | Found Udweudgh's Food Shoppe.
  6226 | D:6      | Reached skill level 5 in Dodging
  6301 | D:6      | Learned a level 3 spell: Mephitic Cloud
  6841 | D:7      | Found Noptuebb's Antique Weapon Boutique.
  6868 | D:7      | Reached skill level 8 in Long Blades
  6881 | D:7      | Slain by an orc wizard

Levels and vault maps discovered:
D:1:      eino_arrival_water_star, layout_basic, minmay_misc_feat_square
D:2:      layout_loops_cross, fiery_altar_vehumet, marbit_many_paths
D:3:      layout_loops_corners, first_ration,
          nicolae_dithmenos_through_a_glass_darkly, uniq_jessica
D:4:      layout_basic, minmay_temple_entry_proselytizer, minmay_liquid_box,
          uniq_natasha
D:5:      minmay_bubble_buster, layout_cave_pools, serial_bayou_pond_c,
          grunt_ministairs_12
D:6:      layout_basic, gup_ossuary_entry_pyramid, serial_shops, shop,
          uniq_menkaure
D:7:      layout_rooms, nicolae_overflow_crystal_walls,
          nicolae_ashenzari_panopticon, minitemple, serial_shops, shop,
          grunt_ogre_cave, uniq_pikel
Temple:   jpeg_temple_alley_garden

Skill      XL: |  1  2  3  4  5  6  7  8 |
---------------+-------------------------+-----
Throwing       | 2 |  2.0
Dodging        | 3 4 5 |  5.4
Long Blades    | 4 5 6 8 |  8.1
Fighting       | 3 4 5 |  5.9
Evocations     | 1 2 3 4 |  4.6

Action                   |  1- 3 |  4- 6 |  7- 9 || total
-------------------------+-------+-------+-------++-------
Melee: Long sword        |   100 |   188 |   195 ||   483
       Tailslap          |    17 |    29 |    48 ||    94
 Abil: Breathe Acid      |       |       |     6 ||     6
  Use: Scroll            |       |     5 |    10 ||    15
       Potion            |       |       |     2 ||     2
 Stab: Sleeping          |     5 |     3 |     1 ||     9
  Eat: Chunk             |     3 |     9 |     8 ||    20
Armor: Skin              |    38 |    45 |    80 ||   163
Dodge: Dodged            |    77 |   168 |   161 ||   406
       Rpst.: Long sword |    25 |    52 |    56 ||   133

Table legend:
 A = Non-vault XP
 B = Vault XP
 C = Vault XP percentage of total XP
 D = Non-vault monster count
 E = Vault monster count
 F = Vault count percentage of total count
                 A         B        C        D         E       F
            +---------+---------+-------+---------+---------+-------
      Total |    1768 |     904 |  33.8 |     121 |      43 |  26.2
            +---------+---------+-------+---------+---------+-------
        D:1 |      45 |       0 |   0.0 |      27 |       0 |   0.0
        D:2 |      71 |       2 |   2.7 |      20 |       1 |   4.8
        D:3 |      58 |      37 |  38.9 |      24 |       1 |   4.0
        D:4 |     201 |      77 |  27.7 |      11 |       2 |  15.4
        D:5 |     324 |     356 |  52.4 |      19 |      10 |  34.5
        D:6 |     815 |     187 |  18.7 |      16 |       2 |  11.1
        D:7 |     254 |       0 |   0.0 |       4 |       0 |   0.0
    Ossuary |       0 |     245 | 100.0 |       0 |      27 | 100.0
            +---------+---------+-------+---------+---------+-------
